 Dungeon Crawl Stone Soup version 0.30-a0-40-gc6d0f036a7 (webtiles) character file.

Game seed: 1484298878087749963

63 ytrimaz the Insei (level 4, -2/28 HPs)
             Began as an Octopode Transmuter on Aug 29, 2022.
             Killed from afar by Natasha (6 damage)
             ... with a magic dart
             ... on level 2 of the Dungeon.
             The game lasted 00:00:43 (1399 turns).

ytrimaz the Insei (Octopode Transmuter)             Turns: 1399, Time: 00:00:43

Health: -2/28      AC:  1    Str:  9    XL:     4   Next: 10%
Magic:  6/7        EV: 13    Int: 17    God:
Gold:   128        SH:  0    Dex: 12    Spells: 6/7 levels left

rFire   . . .      SeeInvis .      - Unarmed
rCold   . . .      Faith    .    (no shield)
rNeg    . . .      Spirit   .    (helmet currently unavailable)
rPois   .          Reflect  .    (no amulet)
rElec   .          Harm     .    (no ring)
rCorr   .          Rampage  .    (no ring)
Will    .....                    (no ring)
Stlth   ++........               (no ring)
HPRegen 0.09/turn                (no ring)
MPRegen 0.10/turn                (no ring)
                                 (no ring)
                                 (no ring)

@: appendages (expiring)
A: tentacle spike 3, almost no armour, amphibious, 8 rings, camouflage 1,
gelatinous body 1, (nimble swimmer 1), tentacles
a: End Transformation


You were on level 2 of the Dungeon.
One of your tentacles had grown a beastly spike.
You visited 1 branch of the dungeon, and saw 2 of its levels.

You collected 128 gold pieces.

Inventory:

Scrolls
 b - a scroll of enchant armour
 d - a scroll of vulnerability
 f - 4 scrolls of summoning
Potions
 a - a potion of mutation {unknown}
 e - a potion of attraction {unknown}


   Skills:
 - Level 1.0 Fighting
 - Level 2.0 Dodging
 + Level 4.8 Unarmed Combat
 - Level 2.0 Spellcasting
 - Level 2.0 Transmutations


You had 6 spell levels left.
You knew the following spells:

 Your Spells              Type           Power      Damage    Failure   Level
a - Beastly Appendage     Tmut           16%        N/A       9%          1

Your spell library contained the following spells:

 Spells                   Type           Power      Damage    Failure   Level
 Wereblood                Tmut           8%         N/A       13%         2
 Spider Form              Tmut/Pois      5%         N/A       36%         3
 Ice Form                 Ice/Tmut       5%         N/A       77%         4


Dungeon Overview and Level Annotations

Branches:
Dungeon (2/15)

Altars:

Annotations:
D:2 Natasha


Innate Abilities, Weirdness & Mutations

One of your tentacles has grown a beastly spike.
You cannot wear most types of armour.
You are amphibious.
You can wear up to eight rings at the same time.
Your skin changes colour to match your surroundings (Stealth+).
Your rubbery body absorbs attacks. (AC +1, EV +1)
((You are camouflaged when in or above water. (Stealth+)))
You have tentacles for arms and can constrict up to eight enemies at once.


Message History

Natasha mumbles some strange words.
Natasha claws you.
You barely miss Natasha. Your grab misses Natasha. You tentacle-slap Natasha.
Your grab misses Natasha.
Your tentacle spike misses Natasha.
You squeeze Natasha!
Natasha is almost dead.
Natasha claws you.
You barely miss Natasha. Your grab misses Natasha.
Your tentacle spike misses Natasha.
Natasha is almost dead.
Natasha misses you.
You tentacle-slap Natasha but do no damage.
Your grab misses Natasha.
You pierce Natasha.
You squeeze Natasha.
You kill Natasha!
Natasha screams in fury as she dies!
The white imp disappears in a puff of smoke!
You have reached level 4!
Unknown command.
Your transformation is almost over.
Your tentacle spike disappears.
Natasha, Servant of Life and Death comes into view.
Natasha is nearby!
Natasha is nearby!
Okay, then.
One of your tentacles grows a vicious spike.
Your transformation is almost over.
Natasha casts a spell at you. The magic dart hits you! Natasha claws you.
You tentacle-slap Natasha but do no damage.
Your grab misses Natasha. You squeeze Natasha!
Natasha is heavily wounded.
Natasha claws you!
* * * LOW HITPOINT WARNING * * *
You tentacle-slap Natasha. Your grab misses Natasha.
Your tentacle spike misses Natasha.
Your squeeze misses Natasha.
Natasha is heavily wounded.
Natasha casts a spell at you. The magic dart hits you.
You die...

.. ..# # #.#..
....# ##.
#....#.#....
...##.#......#..
..>.....#.#....#.
.............#...
.........#.#.....
..............#.#
......h@#...#....
.....#....#....#
#### ####...#....
#.#...#.#
#.###.... #.# ###
#######.###
#.........#
#.........#


You could see Natasha.

Vanquished Creatures
  Natasha (D:2)
  A gnoll (D:1)
  An adder (D:2)
  A worm (D:2)
  A dart slug (D:2)
  A ball python (D:1)
  3 bats
  An endoplasm (D:2)
  A giant cockroach (D:1)
  A goblin (D:2)
  A hobgoblin (D:1)
  A frilled lizard (D:1)
  3 rats (D:1)
17 creatures vanquished.

Notes
Turn   | Place    | Note
-------+----------+-------------------------------------------
     0 | D:1      | ytrimaz the Octopode Transmuter began the quest for the
                  | Orb.
     0 | D:1      | Reached XP level 1. HP: 13/13 MP: 3/3
   413 | D:1      | Reached XP level 2. HP: 8/18 MP: 5/5
   816 | D:2      | Found a faded altar of an unknown god.
   853 | D:2      | Reached skill level 4 in Unarmed Combat
   857 | D:2      | HP: 1/27 [worm (1)]
   860 | D:2      | Reached XP level 3. HP: 2/23 MP: 6/6
  1305 | D:2      | Noticed Natasha
  1316 | D:2      | Killed Natasha
  1317 | D:2      | Reached XP level 4. HP: 19/28 MP: 7/7
  1394 | D:2      | Noticed Natasha
  1399 | D:2      | Killed from afar by Natasha

Illustrated notes

Levels and vault maps discovered:
D:1:      elethiomel_arrival_quiet, layout_rooms
D:2:      layout_basic, ebering_ecumenical_altar_sacrificial,
          minmay_misc_feat_columns, nicolae_kite_square_tiling_tiny,
          minmay_tetromino_l2, uniq_natasha

Skill      XL: |  1  2 |
---------------+-------+-----
Unarmed Combat | 4 |  4.8
Fighting       | |  1.0
Dodging        | |  2.0
Spellcasting   | |  2.0
Transmutations | |  2.0

Action                   |  1- 3 |  4- 6 || total
-------------------------+-------+-------++-------
Melee: Unarmed           |    36 |     2 ||    38
       Constrict         |     9 |       ||     9
       Tentacles         |     9 |     1 ||    10
       Kick              |     5 |       ||     5
       Punch             |     2 |       ||     2
 Cast: Beastly Appendage |    10 |     1 ||    11
  Use: Scroll            |     3 |       ||     3
       Potion            |     1 |       ||     1
 Stab: Sleeping          |     2 |       ||     2
Armor: Skin              |     3 |       ||     3
Dodge: Dodged            |    26 |       ||    26

Table legend: (Time is in decaauts)
 A = Elapsed time spent in this place.
 B = Non-inter-level travel time spent in this place.
 C = Inter-level travel time spent in this place.
 D = Time resting spent in this place.
 E = Time spent auto-exploring this place.
 F = Levels seen in this place.
 G = Mean time per level.
                   A        B        C        D        E       F      G
               +--------+--------+--------+--------+--------+-----+--------+
         Total |   1395 |   1382 |     13 |      0 |   1240 |   2 |  697.5 |
       Dungeon |   1395 |   1382 |     13 |      0 |   1240 |   2 |  697.5 |
               +--------+--------+--------+--------+--------+-----+--------+

Top non-repeatable levels by time:
     D:1: 811 daAuts
     D:2: 584 daAuts
